 Dungeon Crawl Stone Soup version 0.22-a0-192-g6ffc940 (webtiles) character file.

158 mortelune the Chiller (level 5, -2/52 HPs)
             Began as a Demonspawn Ice Elementalist on Feb 16, 2018.
             Killed from afar by an orc wizard (8 damage)
             ... with a magic dart
             ... on level 3 of the Dungeon.
             The game lasted 00:08:15 (3417 turns).

mortelune the Chiller (Demonspawn Ice Elementalist) Turns: 3417, Time: 00:08:16

Health: -2/52      AC: 22    Str:  8    XL:     5   Next: 16%
Magic:  0/9        EV:  2    Int: 17    God:
Gold:   105        SH:  0    Dex: 14    Spells: 4/10 levels left

rFire    . . .     SeeInvis .   d - +0 club
rCold    . . .     Gourm    .   (no shield)
rNeg     + + +     Faith    .   (armour currently unavailable)
rPois    +         Spirit   +   (helmet currently unavailable)
rElec    .         Reflect  .   (cloak currently unavailable)
rCorr    .         Harm     .   (gloves currently unavailable)
MR       .....     NoTele   +   (boots currently unavailable)
Stlth    ++........             (no amulet)
HPRegen  0.17/turn              i - ring of ice
MPRegen  0.11/turn              k - ring of fire

@: tree-form
A: magic shield
a: no special abilities


You were on level 3 of the Dungeon.
You were not hungry.
You were a tree.
You visited 1 branch of the dungeon, and saw 3 of its levels.

You collected 105 gold pieces.

Inventory:

Hand Weapons
 d - a +0 club (weapon)
 n - a +0 flail
Armour
 a - a +0 robe (melded)
Jewellery
 g - an uncursed amulet of guardian spirit {unknown}
 i - a ring of ice (left branch)
 k - a ring of fire (right branch)
 q - an uncursed ring of see invisible {unknown}
Scrolls
 e - a scroll of teleportation
 h - 2 scrolls of immolation
 j - a scroll of remove curse
 m - a scroll of magic mapping {unknown}
Potions
 f - a potion of mutation
 l - a potion of degeneration
Books
 b - a book of Frost

   Spells                             Type                      Level
   a - Freeze                         Ice                          1
   b - Throw Frost                    Conjuration/Ice              2
   c - Ozocubu's Armour               Charms/Ice                   3
   d - Throw Icicle                   Conjuration/Ice              4
   e - Summon Ice Beast               Ice/Summoning                4
Comestibles
 c - 6 rations
 o - a chunk of flesh


   Skills:
 - Level 2.0 Dodging
 - Level 1.7 Stealth
 + Level 3.0 Spellcasting
 + Level 2.3 Conjurations
 * Level 4.2 Ice Magic


You had 4 spell levels left.
You knew the following spells:

 Your Spells              Type           Power        Failure   Level  Hunger
a - Freeze                Ice            ####         3%          1    None
b - Throw Frost           Conj/Ice       ###...       7%          2    ##.....
c - Ozocubu's Armour      Chrm/Ice       ##......     22%         3    ###....


Dungeon Overview and Level Annotations

Branches:
Dungeon (3/15)

Altars:
Xom


Innate Abilities, Weirdness & Mutations

((You are partially covered in slimy green scales. (AC +2)))
When hurt, damage is shared between your health and your magic reserves.


Message History

A puff of flame appears from out of thin air!
Your memorisation is interrupted.
The puff of flame hits you!
You hit something.
You hear some strange, mumbled words.
A magic dart appears from out of thin air!
The magic dart hits you!
* * * LOW HITPOINT WARNING * * *
It was a potion of lignification.
You turn into a tree.
Your +0 robe melds into your body.
Your roots penetrate the ground.
Something hits you but does no damage.
You cannot teleport because you are held in place by your roots.
You miss something.
You hear some strange, mumbled words.
A puff of flame appears from out of thin air!
The puff of flame hits you! Something hits you but does no damage.
You miss something.
You hear some strange, mumbled words.
A magic dart appears from out of thin air!
The magic dart hits you!
You die...

#.##..# #.##..# ##
#.##..###...#
#.##......#
#####.###.###...
#.........# #
#.###.##### ## #.#
#.########. #.
##.###.[♣.......
#.
#......(..######
#.
######..######.##
### #. ........#
#...# #.. #.
#######.#
###...####.# #.
#.# #.......##.#
#. #)#
#.......##.# #.
#.# #.......##.#
#.
##.#####....###.##
#.


There were no monsters in sight!

Vanquished Creatures
  An orc priest (D:3)
  A hound zombie (D:2)
  4 adders (D:2)
  A worm (D:2)
  4 leopard geckos
  5 orcs (D:3)
  4 giant cockroaches
  6 goblins
  11 hobgoblins
  2 jackals (D:1)
  A quokka (D:2)
  7 bats
  3 frilled lizards (D:1)
  10 kobolds
  6 rats
66 creatures vanquished.

Notes
Turn   | Place    | Note
-------+----------+-------------------------------------------
     0 | D:1      | mortelune the Demonspawn Ice Elementalist began the quest for the Orb.
     0 | D:1      | Reached XP level 1. HP: 13/13 MP: 3/3
   324 | D:1      | Reached skill level 3 in Ice Magic
   324 | D:1      | Gained mutation: You are partially covered in slimy green scales. (AC +2) [demonic ancestry]
   324 | D:1      | Reached XP level 2. HP: 18/19 MP: 1/5
   371 | D:1      | Learned a level 2 spell: Throw Frost
  1165 | D:1      | Reached XP level 3. HP: 19/24 MP: 0/6
  1170 | D:1      | Learned a level 3 spell: Ozocubu's Armour
  2132 | D:2      | Gained mutation: When hurt, damage is shared between your health and your magic reserves. [demonic ancestry]
  2132 | D:2      | Reached XP level 4. HP: 27/30 MP: 2/7
  2622 | D:2      | Found a shimmering altar of Xom.
  2636 | D:2      | Reached skill level 4 in Ice Magic
  3411 | D:3      | Reached XP level 5. HP: 21/35 MP: 0/9
  3417 | D:3      | Killed from afar by an orc wizard

Vault maps used:
D:1:      eino_arrival_druids_welcome
D:2:      first_ration, xom_teletrap_fun

Skill      XL: |  1  2  3  4 |
---------------+-------------+-----
Dodging        | 2 |  2.0
Ice Magic      | 3 4 |  4.2
Conjurations   | 2 |  2.3
Spellcasting   | 3 |  3.0
Stealth        | |  1.7

Action                   |  1- 3 |  4- 6 || total
-------------------------+-------+-------++-------
Melee: Club              |    38 |    12 ||    50
 Cast: Freeze            |    67 |    40 ||   107
       Throw Frost       |     3 |     6 ||     9
  Use: Scroll            |     2 |     4 ||     6
       Potion            |     1 |     1 ||     2
  Eat: Chunk             |     5 |     4 ||     9
Armor: Robe              |    33 |    15 ||    48
       Skin              |       |     2 ||     2
Dodge: Dodged            |    85 |    24 ||   109

Table legend:
 A = Spawn XP
 B = Non-spawn XP
 C = Spawn XP percentage of total XP
 D = Spawn monster count
 E = Non-spawn monster count
 F = Spawn count percentage of total count
 G = Total turns spent on level
                    A         B        C        D         E        F      G
               +---------+---------+-------+---------+---------+-------+---------
         Total |       0 |     226 |   0.0 |       0 |      66 |   0.0 |  3417
               +---------+---------+-------+---------+---------+-------+---------
           D:1 |       0 |      50 |   0.0 |       0 |      31 |   0.0 |  1781
           D:2 |       0 |     113 |   0.0 |       0 |      25 |   0.0 |  1129
           D:3 |       0 |      63 |   0.0 |       0 |      10 |   0.0 |   507
               +---------+---------+-------+---------+---------+-------+---------
